 Dungeon Crawl Stone Soup version 0.30-a0-626-gd6a5dd7a1f (webtiles) character file.

Game seed: 511370089304139232

1806 porpoise the Cleaver (level 9, -2/70 (72) HPs)
             Began as a Formicid Fighter on Jan 12, 2023.
             Slain by a wight
             ... wielding a +2 mace of freezing
              (3 damage)
             ... on level 6 of the Dungeon.
             The game lasted 00:16:39 (5528 turns).

porpoise the Cleaver (Formicid Fighter)             Turns: 5528, Time: 00:16:40

HP:   -2/70 (72)    AC:  8    Str: 24    XL:     9   Next: 31%
MP:   9/9           EV: 15    Int:  9    God:
Gold: 285           SH:  6    Dex: 13    Spells: 8/8 levels left

rFire   . . .      SeeInvis +    a - +1 war axe
rCold   . . .      Faith    .    c - +1 buckler
rNeg    . . .      Spirit   .    m - +0 scale mail
rPois   +          Reflect  .    (helmet unavailable)
rElec   .          Harm     .    (no cloak)
rCorr   .          Rampage  .    x - +0 pair of gloves
Will    .....                    (no boots) Stlth
                                 (no amulet)
HPRegen 0.31/turn                h - +5 ring of evasion
MPRegen 0.11/turn                v - ring of poison resistance

@: lightly drained
A: permanent stasis, dig shafts and tunnels, antennae 3, four strong arms
a: Dig, Shaft Self


You were on level 6 of the Dungeon.
You visited 2 branches of the dungeon, and saw 7 of its levels.

You collected 285 gold pieces.

Inventory:

Hand Weapons
 a - a +1 war axe (weapon)
 b - the +4 sling of Vengeance {drain, Int+2}
   (You found it on level 4 of the Dungeon)

   Int:       It affects your intelligence (+2).
 e - the +4 dagger "Morg" {pain, Will+ Int+5}
   (You found it on level 5 of the Dungeon)

   Int:       It affects your intelligence (+5).
   Will:      It increases your willpower.
 g - a +0 sling
Missiles
 j - a throwing net
 t - 3 boomerangs
Armour
 c - a +1 buckler (worn)
 m - a +0 scale mail (worn)
 x - a +0 pair of gloves (worn)
Jewellery
 h - a +5 ring of evasion (left hand)
 i - an amulet of faith
 k - a ring of flight
 o - a +6 ring of strength
 v - a ring of poison resistance (right hand)
Wands
 B - a wand of roots (3)
Scrolls
 n - 2 scrolls of enchant weapon
 q - a scroll of fog
 u - a scroll of immolation {unknown}
 w - a scroll of vulnerability {unknown}
 y - a scroll of enchant armour
 z - a scroll of amnesia {unknown}
 A - a scroll of blinking {unknown}
Potions
 d - 2 potions of might
 f - a potion of ambrosia
 l - 2 potions of magic
 p - a potion of lignification
 r - a potion of curing
 s - a potion of brilliance
 C - a potion of cancellation


   Skills:
 - Level 7.0 Fighting
 + Level 9.0 Axes
 + Level 5.0 Armour
 + Level 2.8 Dodging
 - Level 4.0 Shields


You had 8 spell levels left.
You didn't know any spells.
Your spell library contained the following spells:

 Spells                   Type           Power      Damage    Failure   Level
 Slow                     Hex            0%         N/A       75%         1
 Confusing Touch          Hex            0%         N/A       98%         3
 Gell's Gravitas          Tloc           0%         N/A       98%         3
 Teleport Other           Tloc           0%         N/A       98%         3
 Tukima's Dance           Hex            0%         N/A       98%         3
 Vampiric Draining        Necr           0%         2d6       98%         3
 Passage of Golubria      Tloc           0%         N/A       100%        4
 Yara's Violent Unravell  Hex/Tmut       0%         3d3       100%        5
 Dispersal                Tloc           0%         N/A       100%        6


Dungeon Overview and Level Annotations

Branches:
Dungeon (6/15)             Temple (1/1) D:5

Altars:
Ashenzari
Cheibriados
Elyvilon
Fedhas
Hepliaklqana
Kikubaaqudgha
Makhleb
Nemelex Xobeh
Ru
Sif Muna
Uskayaw
Xom
Yredelemnul
Zin

Annotations:
D:3 2 transporters, sirJeffrey23's ghost, amateur OgMo
D:5 exclusion: upstairs


Innate Abilities, Weirdness & Mutations

You cannot be hasted, slowed, berserked, paralysed or teleported.
You can dig through walls and to a lower floor.
You have a pair of large antennae on your head. (SInv)
Your four strong arms can wield two-handed weapons with a shield.


Message History

The wight barely misses you. The wight misses you.
The wight closely misses you. The wight barely misses you. x2
There is an open door, spattered with blood here.
You see here a bullfrog corpse.
The wight attacks as you move away! The wight closely misses you.
The wight attacks as you move away! The wight closely misses you.
The wight hits you with a +2 mace of freezing.
You feel drained. The wight freezes you. The wight hits you but does no damage.
The wight barely misses you.
You hit the wight.
The wight is severely damaged.
You hit the wight. You hit the wight but do no damage.
The wight barely misses you.
The wight hits you with a +2 mace of freezing.
The wight freezes you. The wight barely misses you.
You block the wight's attack.
You hit the wight but do no damage.
The wight is severely damaged.
You hit the wight. You hit the wight but do no damage.
The wight completely misses you.
The wight hits you with a +2 mace of freezing!
The wight freezes you.
The wight hits you from afar with a +3 trident.
The wight hits you with a +2 long sword of freezing!
The wight freezes you.
* * * LOW HITPOINT WARNING * * *
You hit the wight.
The wight is severely damaged.
You barely miss the wight. x2; The wight misses you.
The wight barely misses you. You block the wight's attack.
The wight hits you with a +2 long sword of freezing!
* * * LOW HITPOINT WARNING * * *
The wight freezes you.
* * * LOW HITPOINT WARNING * * *
The wight barely misses you.
The wight hits you with a +2 mace of freezing!
* * * LOW HITPOINT WARNING * * *
The wight freezes you.
You die...

{+.......#...######....
##.......#........#..).
.........#........#....
..........'........+....
..........#........#....
..........#........#....
.........#######+##....
#+######z.........
....##
#.....zz@......... ....
#.....z#z.........
#......#..........
######.#..........
#.######+##.. #. .. #.
#.


You could see 5 wights.

Vanquished Creatures
  Grinder (D:5)
  Sigmund (D:5)
  An orc warrior (D:6)
  An ice beast (D:5)
  An ogre (D:5)
  A phantom (D:5)
  A bullfrog (D:6)
  Blork the orc (D:5)
  6 scorpions
  3 hounds (D:5)
  3 orc priests
  A jelly (D:5)
  A gnoll bouda (D:5)
  6 orc wizards
  Ijyb (D:3)
  8 gnolls
  11 adders
  A dart slug (D:4)
  12 orcs
  5 bats
  3 endoplasms
  2 giant cockroaches (D:3)
  8 hobgoblins
  6 kobolds
  4 quokkas
  10 ball pythons
  3 frilled lizards
  7 goblins
  2 rats
111 creatures vanquished.

Vanquished Creatures (others)
  20 plants (D:3)
20 creatures vanquished.

Grand Total: 131 creatures vanquished

Notes
Turn   | Place    | Note
-------+----------+-------------------------------------------
     0 | D:1      | porpoise the Formicid Fighter began the quest for the Orb.
     0 | D:1      | Reached XP level 1. HP: 18/18 MP: 1/1
   236 | D:1      | Reached XP level 2. HP: 24/24 MP: 2/2
  1071 | D:2      | Reached skill level 3 in Axes
  1071 | D:2      | Reached XP level 3. HP: 29/30 MP: 3/3
  1401 | D:2      | You fall into a shaft and drop 2 floors!
  1419 | D:4      | Reached XP level 4. HP: 29/37 MP: 4/4
  1637 | D:2      | Reached skill level 4 in Axes
  1640 | D:2      | Reached XP level 5. HP: 35/42 MP: 5/5
  2227 | D:3      | Found a transporter.
  2245 | D:3      | Found a transporter.
  2249 | D:3      | Noticed sirJeffrey23's ghost (amateur OgMo)
  2348 | D:3      | Found a faded altar of an unknown god.
  2392 | D:3      | Noticed Ijyb
  2418 | D:3      | Killed Ijyb
  2548 | D:3      | Reached skill level 5 in Axes
  2548 | D:3      | Reached XP level 6. HP: 35/50 MP: 6/6
  2622 | D:3      | Found a basalt altar of Yredelemnul.
  2978 | D:4      | Reached skill level 5 in Fighting
  3247 | D:4      | Reached XP level 7. HP: 48/56 MP: 7/7
  3259 | D:4      | Identified the +4 sling of Vengeance {drain, Int+2}
  3387 | D:5      | Entered Level 5 of the Dungeon
  3469 | D:5      | Reached skill level 6 in Axes
  3536 | D:5      | Found a hazy altar of Hepliaklqana.
  3613 | D:5      | Found a staircase to the Ecumenical Temple.
  3635 | Temple   | Entered the Ecumenical Temple
  3830 | D:4      | Reached XP level 8. HP: 64/64 MP: 8/8
  3843 | D:4      | Reached skill level 7 in Axes
  3926 | D:4      | Found a sparkling altar of Nemelex Xobeh.
  4099 | D:5      | Noticed Grinder
  4106 | D:5      | Killed Grinder
  4112 | D:5      | Reached skill level 8 in Axes
  4282 | D:5      | Found a snail-covered altar of Cheibriados.
  4421 | D:5      | Found the +4 dagger "Morg" {pain, Will+ Int+5}
  4684 | D:5      | Noticed Blork the orc
  4697 | D:5      | Killed Blork the orc
  4698 | D:5      | Reached skill level 1 in Dodging
  4887 | D:5      | Reached XP level 9. HP: 61/72 MP: 9/9
  4944 | D:5      | Noticed Sigmund
  4954 | D:5      | Killed Sigmund
  5520 | D:6      | Reached skill level 9 in Axes
  5520 | D:6      | Reached skill level 5 in Armour
  5528 | D:6      | HP: 1/70 [wight/+2 mace of freezing (7)]
  5528 | D:6      | Slain by a wight

Illustrated notes

Levels and vault maps discovered:
D:1:      lightli_iron_boxes, layout_basic, minmay_stone_trees_small,
          minmay_misc_feat_enclosed, hex_intersection,
          dreamdust_princess_corridor
D:2:      layout_basic
D:3:      layout_loops_ring, mainiacjoe_overflow_chevrons,
          gammafunk_ghost_mausoleum, ebering_ecumenical_altar_ruins,
          kennysheep_big_empty_room, uniq_ijyb
D:4:      layout_basic, mainiacjoe_overflow_24_doors
D:5:      layout_loops_corners, cheibriados_altar_1,
          mainiacjoe_overflow_alcove_2, minmay_temple_entry_slanted,
          fountainhead, uniq_blork_the_orc, uniq_sigmund, uniq_grinder
D:6:      layout_gridville, tso_oasis_becter, uniq_eustachio
Temple:   eino_temple_lava

Skill      XL: |  1  2  3  4  5  6  7  8  9 |
---------------+----------------------------+-----
Axes           | 3 4 5 6 8 9 |  9.0
Fighting       | 4 5 6 7 |  7.0
Dodging        | 1 2 |  2.8
Armour         | 4 5 |  5.0
Shields        | |  4.0

Action                   |  1- 3 |  4- 6 |  7- 9 || total
-------------------------+-------+-------+-------++-------
Melee: War axe           |    55 |   181 |   133 ||   369
 Fire: Sling             |     6 |     3 |    35 ||    44
  Use: Potion            |       |     1 |     2 ||     3
       Scroll            |       |     5 |     7 ||    12
Armor: Scale mail        |    18 |    48 |    23 ||    89
Dodge: Dodged            |    29 |   107 |   111 ||   247
Block: Buckler           |    17 |    47 |    33 ||    97

Table legend: (Time is in decaauts)
 A = Elapsed time spent in this place.
 B = Non-inter-level travel time spent in this place.
 C = Inter-level travel time spent in this place.
 D = Time resting spent in this place.
 E = Time spent auto-exploring this place.
 F = Levels seen in this place.
 G = Mean time per level.
                   A        B        C        D        E       F      G
               +--------+--------+--------+--------+--------+-----+--------+
         Total |   5633 |   5418 |    215 |   1262 |   2943 |   7 |  804.7 |
       Dungeon |   5558 |   5350 |    208 |   1262 |   2879 |   6 |  926.3 |
        Temple |     74 |     67 |      7 |      0 |     64 |   1 |   74.0 |
               +--------+--------+--------+--------+--------+-----+--------+

Top non-repeatable levels by time:
     D:5: 1423 daAuts
     D:1: 1063 daAuts
     D:3: 937 daAuts
     D:2: 907 daAuts
     D:4: 905 daAuts
     D:6: 321 daAuts
  Temple: 74 daAuts
